General information
	        
			
        
        - name: BNet
 
        - type: Ladder 1vs1/FFA
 
        - host: Battle.net
 
        - saver: smokeonthedota
 
        
map: SecretValley 
        - players: 2
 
        - length: 09:30
 
        - speed: Fast
 - version: 1.22 W3XP
 - replay type:  Public
 
» download(32 KB)
Players
        team 1 (winner) 
              
              
smokeonthedota (
teal | 112 APM | 1067 actions | 09:30)
              
 3 Blademaster 
 2 Wind Walk
 1 Critical Strike
 2 Shadow Hunter 
 1 Hex
 1 Healing Wave
 
                » actions 
                
                | Assign group hotkey | 24 |  | 
| Basic commands | 3 |  | 
| Build / train | 35 |  | 
| Enter build submenu | 11 |  | 
| Enter hero's abilities submenu | 5 |  | 
| Remove unit from queue | 1 |  | 
| Right click | 475 |  | 
| Select / deselect | 183 |  | 
| Select group hotkey | 294 |  | 
| Use ability | 36 |  | 
                1067 total
 » units 
                
                | Peon | 7 |  | 
| Grunt | 5 |  | 
| Spirit Walker | 1 |  | 
| Raider | 3 |  | 
                16 total
 » upgrades
                
                | Berserker Strength | 1 |  | 
| Ensnare | 1 |  | 
                2 total
 » buildings
                
                | Altar of Storms | 1 |  | 
| Orc Burrow | 5 |  | 
| Barracks | 1 |  | 
| Stronghold | 1 |  | 
| Voodoo Lounge | 1 |  | 
| Beastiary | 1 |  | 
| Spirit Lodge | 1 |  | 
| War Mill | 1 |  | 
                12 total
 » build order
                00:05 Altar of Storms
00:24 Orc Burrow
00:38 Barracks
01:35 Orc Burrow
02:50 Stronghold
03:18 Orc Burrow
03:50 Voodoo Lounge
06:11 Beastiary
06:14 Spirit Lodge
06:16 Orc Burrow
09:21 War Mill
09:23 Orc Burrow
» items
                
                | Healing Salve | 4 |  | 
| Scroll of Speed | 2 |  | 
| Lesser Clarity Potion | 1 |  | 
                7 total
  
               team 2 (loser) 
              
              
shinigami19 (
blue | 71 APM | 676 actions | 09:29)
              
 1 Archmage 
 1 Summon Water Elemental
 
                » actions 
                
                | Assign group hotkey | 28 |  | 
| Basic commands | 78 |  | 
| Build / train | 33 |  | 
| ESC pressed | 1 |  | 
| Enter build submenu | 17 |  | 
| Enter hero's abilities submenu | 1 |  | 
| Right click | 226 |  | 
| Select / deselect | 161 |  | 
| Select group hotkey | 95 |  | 
| Use ability | 36 |  | 
                676 total
 » units 
                
                | Peasant | 6 |  | 
| Footman | 17 |  | 
| Rifleman | 3 |  | 
                26 total
 » upgrades
                » buildings
                
                | Altar of Kings | 1 |  | 
| Barracks | 1 |  | 
| Farm | 4 |  | 
| Blacksmith | 1 |  | 
| Keep | 1 |  | 
| Arcane Vault | 2 |  | 
| Scout Tower | 1 |  | 
| Lumber Mill | 1 |  | 
| Arcane Tower | 1 |  | 
                13 total
 » build order
                00:04 Altar of Kings
00:06 Barracks
00:52 Farm
01:26 Farm
01:57 Farm
02:31 Blacksmith
03:32 Keep
03:55 Farm
04:23 Arcane Vault
04:27 Arcane Vault
05:54 Scout Tower
06:17 Lumber Mill
06:22 Arcane Tower
» items
                
                | Scroll of Regeneration | 1 |  | 
| Lesser Clarity Potion | 1 |  | 
                2 total
  
                Chat log
          (00:10 / All) smokeonthedota: hey you good?
(00:16 / All) shinigami19: about level 15
(00:22 / All) smokeonthedota: u win alot?
(00:32 / All) shinigami19: about enough to get level 15
(00:43 / All) smokeonthedota: this is my first game
(00:57 / All) smokeonthedota: can I get tips?
(01:00 / All) shinigami19: just ondt build anything
(01:09 / All) smokeonthedota: WHAT HERO U GOIN
(01:16 / All) shinigami19: the omega crepp
(01:26 / All) smokeonthedota: i think tc is good
(01:41 / All) shinigami19: u get him by sending all your peons into the red dots on your minimap
(01:51 / All) smokeonthedota: what is a red dott?
(06:20 / All) smokeonthedota: this my first game
(06:32 / All) smokeonthedota: and I own u
(06:37 / All) shinigami19: sure you are
(06:54 / All) smokeonthedota: i play sc tho
(07:02 / All) shinigami19: sc is for gay fag korean